 Dungeon Crawl Stone Soup version 0.26-a0-651-gb41185065b (webtiles) character file.

Game seed: 16713179034812584547

666715 simcity the Sorcerer (level 27, -2/239 HPs)
             Began as an Octopode Conjurer on Sept 27, 2020.
             Was an Initiate of Gozag.
             Killed from afar by a Hell Sentinel (33 damage)
             ... with damnation
             ... created by the effects of Hell
             ... on level 2 of the Iron City of Dis on Sept 28, 2020.
             The game lasted 08:47:24 (128758 turns).

simcity the Sorcerer (Octopode Conjurer)          Turns: 128758, Time: 08:47:24

Health: -2/239     AC: 48    Str: 17    XL:     27
Magic:  7/57       EV: 23    Int: 49    God:    Gozag
Gold:   3724       SH: 10    Dex: 14    Spells: 2/68 levels left

rFire    + + .     SeeInvis +   e - +1 dagger "Zouhioxt" {speed, Fragile rC+ Int+8 Dex+2}
rCold    + + .     Faith    .   K - +3 buckler {AC+3}
rNeg     + + +     Spirit   .   d - +3 crown of Dyrovepreva {rElec Int+2 SInv}
rPois    ∞         Reflect  .   L - amulet of magic regeneration
rElec    +         Harm     .   G - ring of Robustness {AC+8}
rCorr    +         Rampage  .   B - ring of Mukhim {rPois MR+ MP+9 Int+4}
MR       +++++                  I - ring of protection from magic
Stlth    ++++......             D - ring of protection from magic
HPRegen  0.49/turn              a - ring "Vicuso" {Ice rN++ Str+4 Slay-5}
MPRegen  0.60/turn              H - ring of Xom's Capriciousness {Wiz *Drain rF++}
                                C - ring of Undoing {rF+ rN+ Str+3 Int+7 SInv}
                                F - ring of the Six Xeniums {rCorr SInv}

@: statue-form, very slow
A: almost no armour, stealthy swim, amphibious, 8 rings, constrict 8, camouflage
1
}: 4/15 runes: decaying, serpentine, slimy, silver
a: End Transformation, Potion Petition, Call Merchant, Bribe Branch, Renounce
Religion


You were on level 2 of the Iron City of Dis.
You worshipped Gozag.
Gozag was most pleased with you.
You were a stone statue.
You visited 13 branches of the dungeon, and saw 56 of its levels.
You visited 1 bazaar.
You also visited: Gauntlet, Volcano and Wizlab.

You collected 35016 gold pieces.
You spent 14379 gold pieces at shops.
You paid 16913 gold pieces to Gozag.

Inventory:

Hand Weapons
 e - the +1 dagger "Zouhioxt" (weapon) {speed, Fragile rC+ Int+8 Dex+2}
   (You took it off an orc wizard on level 12 of the Dungeon)

   Attacks with this weapon are significantly faster.
   It affects your intelligence (+8).
   It affects your dexterity (+2).
   It protects you from cold.
   It will be destroyed if unequipped.
Armour
 d - the +3 crown of Dyrovepreva (worn) {rElec Int+2 SInv}
   (You bought it in a shop on level 1 of the Lair of Beasts)

   It affects your intelligence (+2).
   It insulates you from electricity.
   It lets you see invisible.
 K - a +3 buckler of protection (worn)
Jewellery
 a - the ring "Vicuso" (on tentacle) {Ice rN++ Str+4 Slay-5}
   (You found it on level 2 of the Swamp)

   [ring of ice]

   It enhances your ice magic.
   It affects your strength (+4).
   It affects your accuracy and damage with ranged weapons and melee attacks
   (-5).
   It makes you vulnerable to fire.
   It protects you from cold.
   It greatly protects you from negative energy.
 A - a +6 ring of dexterity
 B - the ring of Mukhim (right tentacle) {rPois MR+ MP+9 Int+4}
   (You acquired it on level 1 of the Lair of Beasts)

   [ring of magical power]

   It affects your intelligence (+4).
   It protects you from poison.
   It affects your resistance to hostile enchantments.
   It affects your magic capacity (+9).
 C - the ring of Undoing (on tentacle) {rF+ rN+ Str+3 Int+7 SInv}
   (You acquired it on level 1 of the Lair of Beasts)

   [ring of protection from fire]

   It affects your strength (+3).
   It affects your intelligence (+7).
   It protects you from fire.
   It protects you from negative energy.
   It lets you see invisible.
 D - a ring of protection from magic (on tentacle)
 F - the ring of the Six Xeniums (on tentacle) {rCorr SInv}
   (You took it off a vault sentinel on level 5 of the Vaults)

   [ring of resist corrosion]

   It lets you see invisible.
   It provides partial protection from all sources of acid and corrosion.
 G - the ring of Robustness (left tentacle) {AC+8}
   (You found it on level 15 of the Dungeon)

   [ring of protection]

   It affects your AC (+8).
 H - the ring of Xom's Capriciousness (on tentacle) {Wiz *Drain rF++}
   (You acquired it on level 1 of the Lair of Beasts)

   [ring of wizardry]

   It improves your spell success rate.
   It greatly protects you from fire.
   It causes draining when unequipped.
 I - a ring of protection from magic (on tentacle)
 L - an amulet of magic regeneration (around mantle)
 M - the amulet "Ysusug" {rC+ Regen+ Int+4 Dex+8}
   (You took it off a vault warden on level 5 of the Vaults)

   [amulet of regeneration]

   It affects your intelligence (+4).
   It affects your dexterity (+8).
   It protects you from cold.
   It increases your rate of regeneration.
Wands
 k - a wand of digging (21)
 s - a wand of enslavement (13)
 P - a wand of acid (25)
 W - a wand of iceblast (58)
Scrolls
 b - 2 scrolls of holy word
 c - 16 scrolls of remove curse
 g - 7 scrolls of fog
 j - 21 scrolls of teleportation
 v - 16 scrolls of fear
 x - 2 scrolls of summoning
 y - 11 scrolls of blinking
 E - 7 scrolls of identify
 V - 5 scrolls of magic mapping
Potions
 o - 5 potions of magic
 p - 12 potions of heal wounds
 q - 15 potions of lignification
 r - 32 potions of curing
 t - 2 potions of cancellation
 w - 3 potions of brilliance
 J - 9 potions of haste
 O - 2 potions of invisibility
Miscellaneous
 f - a condenser vane (2/2)
 h - a box of beasts (3/3)
 m - the horn of Geryon
 n - a lightning rod (4/4)
 u - a tin of tremorstones (2/3)
 z - a phantom mirror
 S - a phial of floods


   Skills:
 + Level 14.5 Fighting
 - Level 16.0 Dodging
 - Level 4.0 Stealth
 + Level 10.7 Shields
 - Level 21.0 Spellcasting
 - Level 12.0 Conjurations
 - Level 10.5 Hexes
 - Level 13.0 Necromancy
 - Level 13.0 Translocations
 - Level 13.0 Transmutations
 - Level 7.0 Ice Magic
 - Level 20.0 Air Magic
 - Level 20.0 Earth Magic
 + Level 9.9 Evocations


You had 2 spell levels left.
You knew the following spells:

 Your Spells              Type           Power        Failure   Level
b - Blink                 Tloc           N/A          0%          2
f - Cause Fear            Hex            ########..   1%          4
h - Shatter               Erth           ########..   3%          9
m - Ozocubu's Armour      Ice            ########     1%          3
n - Necromutation         Tmut/Necr      ########..   4%          8
o - Orb of Destruction    Conj           ########..   1%          7
p - Passage of Golubria   Tloc           N/A          0%          4
r - Ozocubu's Refrigerat  Ice            ########..   1%          6
s - Statue Form           Tmut/Erth      ########.    1%          6
t - Tornado               Air            ########..   3%          9
D - Disjunction           Tloc           ########..   4%          8

Your spell library contained the following spells:

 Spells                   Type           Power        Failure   Level
 Animate Skeleton         Necr           ######       0%          1
 Apportation              Tloc           ######       0%          1
 Beastly Appendage        Tmut           ######       0%          1
 Corona                   Hex            #######      0%          1
 Freeze                   Ice            ####         0%          1
 Magic Dart               Conj           ####         0%          1
 Pain                     Necr           ####         0%          1
 Sandblast                Erth           ######       0%          1
 Shock                    Conj/Air       ####         0%          1
 Sting                    Tmut/Pois      ####         0%          1
 Corpse Rot               Necr/Air       N/A          0%          2
 Passwall                 Tmut/Erth      ########     0%          2
 Poisonous Vapours        Pois/Air       ######       0%          2
 Searing Ray              Conj           ######       0%          2
 Slow                     Hex            ########     0%          2
 Sublimation of Blood     Necr           ########..   0%          2
 Swiftness                Air            ########     0%          2
 Wereblood                Tmut           ########     0%          2
 Foxfire                  Conj/Fire      ####         1%          1
 Summon Small Mammal      Summ           ####         1%          1
 Call Imp                 Summ           ######..     1%          2
 Confusing Touch          Hex            ########     0%          3
 Dazzling Flash           Conj/Hex       ######       0%          3
 Gell's Gravitas          Tloc           ########..   0%          3
 Lesser Beckoning         Tloc           ########..   0%          3
 Mephitic Cloud           Conj/Pois/Air  ########     0%          3
 Portal Projectile        Hex/Tloc       ######       0%          3
 Static Discharge         Conj/Air       ########     0%          3
 Stone Arrow              Conj/Erth      ######       0%          3
 Teleport Other           Tloc           ########     0%          3
 Tukima's Dance           Hex            ########     0%          3
 Vampiric Draining        Necr           ########..   0%          3
 Animate Dead             Necr           ########..   0%          4
 Dispel Undead            Necr           ########     0%          4
 Iskenderun's Mystic Bla  Conj/Tloc      ########     0%          4
 Leda's Liquefaction      Hex/Erth       ########..   0%          4
 Petrify                  Tmut/Erth      ########     0%          4
 Borgnjor's Vile Clutch   Necr/Erth      ########..   0%          5
 Lee's Rapid Deconstruct  Erth           ########..   0%          5
 Lightning Bolt           Conj/Air       ########..   0%          5
 Silence                  Hex/Air        ########..   0%          5
 Call Canine Familiar     Summ           ######..     1%          3
 Conjure Flame            Conj/Fire      #######.     1%          3
 Frozen Ramparts          Ice            ######       1%          3
 Ignite Poison            Fire/Tmut/Pois #######.     1%          3
 Inner Flame              Hex/Fire       #######.     1%          3
 Spider Form              Tmut/Pois      #######...   1%          3
 Summon Guardian Golem    Hex/Summ       #######.     1%          3
 Fulminant Prism          Conj/Hex       ########..   1%          4
 Hailstorm                Conj/Ice       ########     1%          4
 Ice Form                 Ice/Tmut       ########     1%          4
 Summon Ice Beast         Ice/Summ       #######.     1%          4
 Summon Lightning Spire   Summ/Air       #######.     1%          4
 Agony                    Necr           ########     1%          5
 Alistair's Intoxication  Tmut/Pois      #######..    1%          5
 Blade Hands              Tmut           ########..   1%          5
 Bolt of Magma            Conj/Fire/Erth ########..   1%          5
 Excruciating Wounds      Necr           ########..   1%          5
 Fireball                 Conj/Fire      #######...   1%          5
 Irradiate                Conj/Tmut      ########..   1%          5
 Iskenderun's Battlesphe  Conj           ########     1%          5
 Metabolic Englaciation   Hex/Ice        ########..   1%          5
 Yara's Violent Unravell  Hex/Tmut       ########..   1%          5
 Conjure Ball Lightning   Conj/Air       ########..   1%          6
 Death Channel            Necr           ########..   1%          6
 Dispersal                Tloc           ########..   1%          6
 Eringya's Noxious Bog    Tmut/Pois      #######...   1%          6
 Freezing Cloud           Conj/Ice/Air   ########..   1%          6
 Invisibility             Hex            ########     1%          6
 Iron Shot                Conj/Erth      ########..   1%          6
 Simulacrum               Ice/Necr       ########..   1%          6
 Starburst                Conj/Fire      #######...   1%          6
 Borgnjor's Revivificati  Necr           ########..   4%          8
 Infestation              Necr           ########..   4%          8
 Haunt                    Necr/Summ      #######...   8%          7
 Malign Gateway           Summ/Tloc      #######...   8%          7
 Spellforged Servitor     Conj/Summ      #######...   9%          7
 Death's Door             Necr           ########..   50%         9
 Monstrous Menagerie      Summ           ######....   67%         7
 Summon Greater Demon     Summ           ######....   67%         7
 Ignition                 Fire           ######....   100%        8
 Summon Horrible Things   Summ           ######....   100%        8
 Dragon's Call            Summ           ######....   100%        9


Dungeon Overview and Level Annotations

Branches:
Dungeon (15/15)            Temple (1/1) D:7            Lair (6/6) D:11
  Swamp (4/4) Lair:4        Snake (4/4) Lair:2        Slime (5/5) Lair:5
    Orc (2/2) D:12            Elf (3/3) Orc:2        Vaults (5/5) D:13
  Crypt (3/3) Vaults:2       Tomb (0/3) Crypt:3      Depths (5/5) D:15
   Hell (visited)             Dis (2/7) Hell            Geh (0/7) Hell
    Coc (0/7) Hell            Tar (0/7) Hell            Zot (0/5) Depths:5
Volcano (visited)          WizLab (visited)         Gauntlet (visited)

Altars:
Ashenzari
Cheibriados
Dithmenos
Elyvilon
Fedhas
Gozag
Hepliaklqana
Kikubaaqudgha
Makhleb
Nemelex Xobeh
Okawaru
Qazlal
Ru
Sif Muna
Trog
Uskayaw
Vehumet
Wu Jian
Xom
Yredelemnul
Zin
The Shining One
Jiyva

Shops:
D:4 !?!   D:15 (:=?*==:   Orc:2 !([[   Elf:2 *   Lair:1 =:[:[(=[   Snake:2 }
Snake:3 *   Vaults:2 }!:(   Vaults:4 *   Vaults:5 *   Depths:3 (

Portals:
Hell: Depths:1 Depths:2 Depths:3 Depths:4 Depths:5
Abyss: Depths:4
Pandemonium: Depths:1 Depths:2 Depths:3
Ziggurat: Depths:1
Trove: Depths:1 (give 5 potions of resistance)

Annotations:
Slime:1 1 exclusion
Slime:2 1 exclusion
Slime:3 2 exclusions
Slime:4 1 exclusion


Innate Abilities, Weirdness & Mutations

You cannot wear most types of armour.
You are very stealthy in the water. (Stealth+)
You are amphibious.
You can wear up to eight rings at the same time.
You can use your tentacles to constrict eight enemies at once.
Your skin changes colour to match your surroundings (Stealth+).
((Your rubbery body absorbs attacks. (AC +1, EV +1)))


Message History

The tremorstone explodes into fragments!
The burst of rock shards engulfs the Hell Sentinel but does no damage.
The burst of rock shards engulfs the red devil.
The burst of rock shards engulfs you.
* * * LOW HITPOINT WARNING * * *
The burst of rock shards engulfs the Hell Sentinel.
The burst of rock shards engulfs the Hell Sentinel but does no damage.
The burst of rock shards engulfs you but does no damage.
The skeletal warrior is no longer distracted by gold.
The Hell Sentinel gestures at you.
The sphere of damnation explodes!
The damnation engulfs you!!
* * * LOW HITPOINT WARNING * * *
The damnation engulfs the Hell Sentinel.
The Hell Sentinel completely resists.
The red devil completely misses you. The Hell Sentinel misses you.
You block the Hell Sentinel's attack. The red devil barely misses you.
The Hell Sentinel gestures at you.
The sphere of damnation explodes!
The damnation engulfs you!!
You die...
Your body crumbles into a pile of gold.

...###.## ##
...........##
......#.....
####.....#...$.
.........#...
.........$.## #.#
.....$$.$$..#.#.#
....#.4.8$...#....
#......$1$$...$...
##.##.....$$.......
......$...$........
.........$....#....
.......$..$..$z....
.....#.$$M$.....$.#
.......$.$....z#..#
....$..............


You could see a Hell Sentinel, 2 skeletal warriors, a red devil and a mummy.

Vanquished Creatures
  the Royal Jelly (Slime:5)
  Mennas (Depths:3)
  Khufu (Crypt:1)
  Mara (Vaults:2)
  2 greater mummies
  Saint Roka (Vaults:1)
  Bai Suzhen (Vaults:2)
  the Lernaean hydra (Swamp:4)
  Vashnia (Snake:4)
  3 caustic shrikes
  A curse toe (Crypt:3)
  7 golden dragons
  Nikola (Swamp:2)
  Geryon (Hell)
  Jory (Crypt:3)
  Jorgrun (D:15)
  6 liches
  2 Hell Sentinels
  9 tentacled monstrosities
  2 deep elf blademasters (Elf:3)
  Asterion (Depths:3)
  3 titans
  3 quicksilver dragons
  2 deep elf master archers (Elf:3)
  3 sphinxes
  Gastronok (D:11)
  7 ancient champions
  25 acid blobs
  Frances (Swamp:2)
  4 shadow dragons
  4 storm dragons
  Kirke (D:14)
  2 revenants
  Donald (Swamp:3)
  7 nagarajas (Snake:4)
  17 tengu reavers
  13 azure jellies
  8 fire giants
  12 deep elf sorcerers
  An orc warlord (Orc:2)
  10 frost giants
  4 cacodemons
  16 vault wardens
  A draconian scorcher (Depths:5)
  4 balrugs
  Louise (Snake:2)
  3 ghouls
  2 iron dragons
  8 deep elf elementalists
  4 spriggan defenders
  Aizul (Snake:4)
  3 war gargoyles
  29 very ugly things
  20 ironheart preservers
  23 stone giants
  10 vampire knights
  21 reapers
  An entropy weaver (shapeshifter) (Depths:5)
  An entropy weaver (Vaults:4)
  11 deep elf demonologists
  2 lorocyprocas (WizLab)
  A green draconian (Depths:5)
  12 deep elf annihilators
  2 purple draconians (Depths:5)
  2 red draconians
  Azrael (Snake:2)
  6 dire elephants (Lair:6)
  7 spark wasps
  A minotaur (Gauntlet)
  3 white draconians (Depths:5)
  3 yellow draconians (Depths:5)
  9 death oozes
  A green death (Dis:2)
  9 ettins
  9 fire dragons
  A blizzard demon (WizLab)
  13 deep elf death magi
  6 eidola
  6 deep elf high priests
  11 great orbs of eyes
  8 jiangshi
  12 yaktaur captains
  A merfolk impaler (Depths:1)
  Erolcha (Orc:1)
  9 rakshasas
  A quicksilver dragon skeleton (Dis:1)
  24 vault guards (Vaults:5)
  A catoblepas (Lair:3)
  26 hydras
  A quicksilver dragon zombie (Dis:1)
  A hell beast (Dis:1)
  9 ice dragons
  17 anacondas
  9 centaur warriors
  3 shambling mangroves
  18 naga warriors
  46 two-headed ogres
  7 death knights
  7 deep troll earth magi
  4 spriggan air magi
  11 alligators
  A two-headed ogre (shapeshifter) (Vaults:1)
  An alligator (shapeshifter) (Vaults:5)
  10 deep troll shamans
  16 ogre magi
  7 tengu warriors
  8 vampire magi
  6 death yaks (Lair:6)
  19 naga sharpshooters
  5 orc high priests (Orc:2)
  11 shock serpents
  19 deep elf knights
  3 hell hogs (Dis:2)
  Urug (D:10)
  A wretched star (Gauntlet)
  6 spriggan berserkers
  4 iron golems (Hell)
  3 titan zombies
  Nergalle (Lair:3)
  A sixfirhy (Hell)
  2 storm dragon zombies
  6 soul eaters
  4 sun demons
  6 shadow wraiths
  3 salamander mystics
  12 hell knights
  A storm dragon skeleton (Crypt:1)
  9 iron trolls
  A golden dragon zombie (Depths:3)
  53 skeletal warriors
  An unseen horror (D:13)
  A glowing orange brain (Vaults:4)
  A sea snake (Snake:4)
  35 deep trolls
  A shadow demon (WizLab)
  8 swamp dragons
  8 wizards
  9 deep elf archers
  A torturous demonspawn (Depths:2)
  10 phantasmal warriors
  7 flayed ghosts
  17 ironbrand convokers
  3 anaconda zombies
  5 naga ritualists
  4 lindwurms (Lair:3)
  A shadow dragon skeleton (Crypt:2)
  2 shadow dragon zombies (Dis:1)
  21 orc knights
  2 golden dragon skeletons
  5 harpies (Vaults:3)
  7 necromancers
  5 mana vipers
  4 fire giant zombies
  2 frost giant zombies
  3 wolf spider zombies
  40 ugly things
  3 orc sorcerers
  An orb spider (shapeshifter) (Elf:2)
  2 stone giant zombies
  4 oklob plants (Lair:4)
  10 shining eyes
  3 cyclopes
  61 deep elf magi
  4 wolf spiders
  A faun (shapeshifter) (Vaults:5)
  2 iron dragon zombies
  17 salamanders
  An iron dragon skeleton (Depths:3)
  18 guardian serpents
  18 naga magi
  8 elephants (Lair:6)
  An orange demon (Depths:3)
  4 manticores
  18 vault sentinels
  An ice statue (Hell)
  9 rust devils
  2 smoke demons
  41 black mambas
  A stone giant skeleton (Depths:2)
  2 eyes of devastation
  A gargoyle (D:13)
  2 fire giant skeletons (Crypt:2)
  2 frost giant skeletons
  A dire elephant zombie (Dis:2)
  A cane toad (shapeshifter) (Depths:2)
  A molten gargoyle (Hell)
  A catoblepas zombie (Crypt:3)
  A storm dragon simulacrum (Crypt:3)
  16 cane toads
  An emperor scorpion zombie (Dis:2)
  A torpor snail (Lair:2)
  3 hellions
  4 rime drakes
  Maggie (D:10)
  4 centaur skeletons
  A komodo dragon (shapeshifter) (Vaults:5)
  5 komodo dragons
  43 yaktaurs
  13 freezing wraiths
  A kobold demonologist (D:15)
  12 ice devils
  A rime drake (shapeshifter) (Vaults:2)
  A green draconian skeleton (Crypt:2)
  3 tengu conjurers (Depths:2)
  6 tormentors
  7 trolls
  A troll (shapeshifter) (Vaults:1)
  2 hydra zombies
  11 red devils
  A harpy zombie (Dis:1)
  A queen bee (Gauntlet)
  A merfolk (shapeshifter) (Depths:4)
  17 tyrant leeches
  A queen bee (shapeshifter) (Depths:1)
  A hornet (shapeshifter) (Vaults:1)
  A shadow dragon simulacrum (Crypt:3)
  A wind drake (shapeshifter) (Gauntlet)
  A harpy skeleton (D:15)
  A polar bear (shapeshifter) (Depths:2)
  4 ettin zombies
  2 polar bears
  2 hydra skeletons (Hell)
  11 hippogriffs
  11 hornets
  122 slime creatures
  6 bog bodies
  A raiju (Gauntlet)
  A death drake skeleton (Crypt:1)
  2 alligator zombies
  7 blink frogs
  An iron dragon simulacrum (Hell)
  3 fire dragon zombies
  10 dream sheep
  A stone giant simulacrum (Crypt:3)
  An ettin skeleton (Crypt:3)
  4 air elementals
  22 flying skulls
  2 redbacks (shapeshifter)
  4 vampires (Crypt:3)
  6 spriggans
  9 shadows
  A centaur simulacrum (D:15)
  2 redbacks (Vaults:4)
  7 water elementals
  14 wraiths
  3 wyverns
  An ice dragon skeleton (Crypt:3)
  38 yaks
  A yak (shapeshifter) (Elf:2)
  A dire elephant simulacrum (Crypt:3)
  A human (D:14)
  3 small abominations (Gauntlet)
  2 hogs (D:14)
  2 hogs (shapeshifter)
  9 chaos spawn
  9 fire elementals
  A human (shapeshifter) (Depths:1)
  A wyvern (shapeshifter) (Depths:1)
  A basilisk (Lair:6)
  2 neqoxecs (Depths:2)
  7 vampire mosquitoes
  2 steam dragons (Gauntlet)
  A golden eye (Slime:5)
  A deep troll zombie (Crypt:3)
  60 nagas
  16 wargs
  3 acid dragons
  21 water moccasins
  2 cane toad zombies (Hell)
  16 swamp worms
  33 hell hounds
  An infernal demonspawn zombie (Crypt:1)
  7 porcupines
  A dream sheep zombie (Crypt:3)
  2 floating eyes (Depths:2)
  49 orc warriors
  3 phantoms
  14 swamp drakes
  3 ice beasts
  4 cane toad skeletons (Hell)
  3 human zombies
  3 black bears
  A tengu skeleton (Depths:2)
  2 sky beasts
  A black bear (shapeshifter) (Gauntlet)
  A snapping turtle zombie (Dis:1)
  A manticore zombie (Dis:1)
  6 necrophages
  A swamp dragon zombie (Dis:1)
  A boggart (shapeshifter) (Elf:3)
  3 eyes of draining
  42 ogres
  3 wolves (Lair:4)
  4 boggarts (Vaults:1)
  35 centaurs
  A snapping turtle skeleton (Crypt:1)
  18 crocodiles
  4 big kobolds
  A hog skeleton (Crypt:2)
  A yaktaur zombie (Crypt:2)
  A big kobold (shapeshifter) (Gauntlet)
  15 bullfrogs
  4 earth elementals
  A gnoll sergeant (D:12)
  A cane toad simulacrum (Hell)
  2 wyvern skeletons
  A water moccasin skeleton (Crypt:2)
  2 scorpions
  8 killer bees
  19 wights
  A troll skeleton (Crypt:1)
  A yak skeleton (Crypt:1)
  2 howler monkeys
  An electric eel (D:6)
  3 crimson imps
  2 quasits (Depths:3)
  A bullfrog zombie (D:12)
  21 iron imps
  5 jellies
  9 hounds
  30 orc wizards
  37 orc priests
  A basilisk zombie (Crypt:1)
  4 bullfrog skeletons
  A gnoll shaman (D:5)
  2 human skeletons
  15 worker ants
  Natasha (thrice) (D:2)
  An iguana (D:8)
  A killer bee zombie (D:7)
  An acid dragon zombie (Crypt:3)
  6 mummies
  A crocodile skeleton (Crypt:3)
  2 hound skeletons
  A howler monkey zombie (D:7)
  A worker ant zombie (D:8)
  13 gnolls
  19 adders
  A white imp (Depths:3)
  2 ufetubi
  A halfling zombie (Crypt:2)
  An ooze (D:2)
  A worm zombie (Crypt:2)
  An adder skeleton (D:8)
  2 worms
  9 dart slugs
  3 leopard geckos
  128 orcs
  5 giant cockroaches
  12 goblins
  6 hobgoblins
  5 jackals
  7 kobolds
  3 quokkas
  4 ball pythons
  7 bats
  A dart slug zombie (Crypt:3)
  3 frilled lizards
  An orc skeleton (Dis:1)
  A quokka zombie (D:5)
  11 rats
  A rat skeleton (Crypt:2)
  17 bushes
  22 fulminant prisms
2685 creatures vanquished.

Vanquished Creatures (others)
  A very ugly thing (Depths:1)
  A great orb of eyes (Depths:1)
  27 dancing weapons
  An alligator (Swamp:2)
  A deep elf mage (Elf:2)
  4 ugly things (Depths:1)
  A vampire mosquito (Swamp:2)
  A swamp drake (Swamp:2)
  An orc (D:10)
  A bush (Lair:6)
  482 fulminant prisms
  80 fungi
  142 plants
743 creatures vanquished.

Grand Total: 3428 creatures vanquished

Notes
Turn   | Place    | Note
-------+----------+-------------------------------------------
     0 | D:1      | simcity the Octopode Conjurer began the quest for the Orb.
     0 | D:1      | Reached XP level 1. HP: 11/11 MP: 3/3
   300 | D:1      | Reached skill level 1 in Shields
   369 | D:1      | Reached XP level 2. HP: 17/17 MP: 3/5
   470 | D:1      | Learned a level 2 spell: Searing Ray
  1151 | D:1      | Reached XP level 3. HP: 21/21 MP: 4/6
  1544 | D:2      | Noticed Natasha
  2222 | D:2      | Killed Natasha
  2222 | D:2      | Reached XP level 4. HP: 27/27 MP: 4/7
  2284 | D:2      | Noticed Natasha
  2287 | D:2      | Killed Natasha
  2385 | D:2      | Noticed Natasha
  2403 | D:2      | Killed Natasha
  2403 | D:2      | Reached XP level 5. HP: 31/31 MP: 3/8
  2506 | D:2      | Found a blossoming altar of Fedhas.
  2699 | D:2      | Learned a level 4 spell: Fulminant Prism
  2785 | D:2      | Found a stormy altar of Qazlal.
  3138 | D:3      | Reached skill level 3 in Spellcasting
  3138 | D:3      | Reached skill level 1 in Hexes
  3409 | D:3      | Reached XP level 6. HP: 36/36 MP: 6/10
  3590 | D:3      | Learned a level 4 spell: Iskenderun's Mystic Blast
  4132 | D:4      | Found Xitex's Distillery.
  4138 | D:4      | Got an iridescent hand axe
  4139 | D:4      | Identified the +7 hand axe of the World {freeze, +Blink
                  | rElec rN+ MR-} (You found it on level 4 of the Dungeon)
  4259 | D:4      | Found a glowing silver altar of Zin.
  4468 | D:4      | Reached skill level 5 in Conjurations
  4484 | D:4      | Reached skill level 1 in Translocations
  4603 | D:4      | Found Isienocee's Magic Scroll Shoppe.
  4681 | D:4      | Noticed a phantom
  4689 | D:4      | Killed a phantom
  4689 | D:4      | Reached XP level 7. HP: 32/41 MP: 3/12
  5059 | D:4      | Got an ichor-stained whip
  5060 | D:4      | Identified the +7 whip of Ummacik {vorpal, Dex+3 SInv} (You
                  | found it on level 4 of the Dungeon)
  5063 | D:4      | Found Zyusch's Distillery.
  5461 | D:5      | Entered Level 5 of the Dungeon
  5508 | D:5      | Reached skill level 4 in Spellcasting
  6154 | D:5      | Reached XP level 8. HP: 46/46 MP: 5/14
  6567 | D:5      | Found a broken altar of Ashenzari.
  7204 | D:6      | Reached skill level 5 in Spellcasting
  7448 | D:6      | Reached XP level 9. HP: 41/51 MP: 10/16
  7803 | D:7      | Reached skill level 5 in Hexes
  8149 | D:7      | Reached skill level 5 in Translocations
  8395 | D:7      | Reached skill level 1 in Fighting
  8474 | D:7      | Found a staircase to the Ecumenical Temple.
  8482 | Temple   | Entered the Ecumenical Temple
  8498 | Temple   | Became a worshipper of Gozag Ym Sagoz the Greedy
  8717 | D:7      | Reached skill level 6 in Spellcasting
  9514 | D:8      | Noticed a tengu warrior
  9514 | D:8      | Noticed a manticore
  9515 | D:8      | Noticed a hornet
  9524 | D:8      | Killed a hornet
  9536 | D:8      | Killed a tengu warrior
  9536 | D:8      | Reached XP level 10. HP: 6/62 MP: 3/19
  9837 | D:8      | Killed a manticore
 10052 | D:8      | Got a brightly glowing falchion
 10053 | D:8      | Identified the +3 falchion of Havoc {vorpal, rN+ Str+2
                  | SInv} (You found it on level 8 of the Dungeon)
 11459 | D:9      | Found a snail-covered altar of Cheibriados.
 11459 | D:9      | Found a faded altar of an unknown god.
 11462 | D:9      | Reached skill level 7 in Spellcasting
 11478 | D:9      | Found a burning altar of Makhleb.
 11488 | D:9      | Found a faded altar of an unknown god.
 11491 | D:9      | Found a glowing golden altar of the Shining One.
 11585 | D:10     | Entered Level 10 of the Dungeon
 12221 | D:10     | Found the +7 sceptre of Torment {pain, torment}
 12563 | D:10     | Noticed Urug
 12593 | D:10     | Killed Urug
 12593 | D:10     | Reached XP level 11. HP: 42/69 MP: 1/22
 12989 | D:10     | Noticed Maggie
 13038 | D:10     | Killed Maggie
 13401 | D:10     | Noticed a manticore
 13411 | D:10     | Killed a manticore
 14057 | D:11     | Found a staircase to the Lair.
 14408 | D:11     | Noticed Gastronok
 15858 | D:11     | Killed Gastronok
 15858 | D:11     | Reached skill level 8 in Spellcasting
 16276 | D:11     | Learned a level 4 spell: Cause Fear
 16277 | Lair:1   | Entered Level 1 of the Lair of Beasts
 16669 | Lair:1   | Reached XP level 12. HP: 74/74 MP: 1/24
 17398 | Lair:2   | Reached skill level 10 in Conjurations
 18056 | Lair:2   | Reached skill level 9 in Spellcasting
 18483 | Lair:2   | Found a staircase to the Snake Pit.
 19874 | Lair:3   | Reached skill level 5 in Fighting
 21445 | Lair:3   | Noticed Nergalle
 21454 | Lair:3   | Killed Nergalle
 22363 | Lair:4   | Noticed a seven-headed hydra
 22367 | Lair:4   | Noticed an eight-headed hydra
 22370 | Lair:4   | Killed a seven-headed hydra
 22370 | Lair:4   | Reached XP level 13. HP: 83/83 MP: 10/26
 22937 | Lair:4   | Reached skill level 10 in Hexes
 23160 | Lair:4   | Reached skill level 10 in Spellcasting
 23698 | Lair:4   | Reached skill level 10 in Translocations
 24650 | Lair:3   | HP: 3/83 [something/blast of calcifying dust (6)]
 25978 | Lair:4   | Found a staircase to the Swamp.
 26781 | Lair:4   | Found a staircase to the Swamp.
 28745 | Lair:4   | Found a blossoming altar of Fedhas.
 29062 | Lair:4   | Identified the Handbook of Fate
 29071 | Lair:4   | Identified the +4 great sword of Risk Management {spect,
                  | *Rage Int+9} (You found it on level 4 of the Lair of
                  | Beasts)
 29425 | Lair:1   | Bought the Papyrus of Stones for 1330 gold pieces
 29432 | Lair:1   | Learned a level 6 spell: Statue Form
 30019 | Lair:5   | Reached skill level 1 in Transmutations
 30186 | Lair:5   | Reached skill level 1 in Earth Magic
 31924 | Lair:5   | Identified the Papyrus of Conjuration and the Escort
 32260 | Lair:5   | Found a staircase to the Slime Pits.
 32261 | Lair:5   | Found a viscous altar of Jiyva.
 32904 | Lair:6   | Entered Level 6 of the Lair of Beasts
 33366 | Lair:6   | Reached XP level 14. HP: 90/90 MP: 4/28
 34185 | Lair:6   | Reached skill level 5 in Transmutations
 34185 | Lair:6   | Reached skill level 5 in Earth Magic
 36918 | Lair:6   | Found the +5 robe of Misfortune {*Contam Harm *Corrode
                  | *Drain *Slow EV+5}
 37474 | Lair:6   | Noticed a dire elephant
 37474 | Lair:6   | Noticed a dire elephant
 37595 | Lair:6   | Noticed a dire elephant
 37595 | Lair:6   | Noticed a dire elephant
 37792 | Lair:6   | Noticed a dire elephant
 38183 | Lair:6   | Killed a dire elephant
 38212 | Lair:6   | Killed a dire elephant
 38441 | Lair:6   | Killed a dire elephant
 38451 | Lair:6   | Noticed a dire elephant
 38980 | Lair:6   | Killed a dire elephant
 40279 | Lair:6   | Killed a dire elephant
 40575 | Lair:6   | Killed a dire elephant
 40595 | Lair:6   | Got a fine short sword
 40876 | Lair:1   | Identified the +11 short sword of Omigov {freeze, Int+6}
                  | (You found it on level 6 of the Lair of Beasts)
 42381 | D:12     | Identified the +1 dagger "Zouhioxt" {speed, Fragile rC+
                  | Int+8 Dex+2}
 42458 | D:12     | Reached XP level 15. HP: 49/94 MP: 3/29
 42989 | D:12     | Found a staircase to the Orcish Mines.
 43255 | D:12     | You fall into a shaft and drop 1 floor!
 43274 | D:13     | Found a gate to the Vaults.
 43553 | D:13     | Found a gate leading to a gauntlet.
 43558 | Gauntlet | Entered a Gauntlet
 43558 | Gauntlet | Found a transporter.
 43571 | Gauntlet | Found a transporter.
 43572 | Gauntlet | Found a transporter.
 43596 | Gauntlet | Found a transporter.
 43611 | Gauntlet | Found a transporter.
 43612 | Gauntlet | Found a transporter.
 43616 | Gauntlet | Found a runed translucent door.
 43616 | Gauntlet | Found a runed translucent door.
 43620 | Gauntlet | Found a transporter.
 43624 | Gauntlet | Found a transporter.
 43632 | Gauntlet | Found a transporter.
 43637 | Gauntlet | Found a transporter.
 43640 | Gauntlet | Found a runed translucent door.
 43642 | Gauntlet | Found a runed translucent door.
 43644 | Gauntlet | Found a transporter.
 43925 | Gauntlet | Found a transporter.
 43999 | Gauntlet | Found a transporter.
 44063 | Gauntlet | Identified a scroll of acquirement
 44092 | Gauntlet | Found a transporter.
 44220 | Gauntlet | Reached skill level 10 in Transmutations
 44223 | Gauntlet | Reached skill level 10 in Earth Magic
 44786 | Gauntlet | Found the +7 Kryia's mail coat {PotionHeal*2 rC+}
 44793 | Gauntlet | Got an ichor-stained kite shield
 44820 | Gauntlet | Identified the +5 kite shield of Magic {Dex+2} (You found
                  | it in a Gauntlet)
 45360 | D:13     | Reached skill level 11 in Spellcasting
 45978 | D:13     | Learned a level 7 spell: Orb of Destruction
 46093 | Lair:1   | Acquired the ring of Xom's Capriciousness {Wiz *Drain rF++}
 46122 | Lair:1   | Bought a book of Clouds for 810 gold pieces
 46152 | Lair:1   | Learned a level 3 spell: Mephitic Cloud
 46157 | Lair:1   | Learned a level 4 spell: Passage of Golubria
 46169 | Lair:1   | Learned a level 2 spell: Blink
 46382 | Swamp:1  | Entered Level 1 of the Swamp
 47058 | Swamp:1  | Reached skill level 1 in Air Magic
 49309 | Swamp:2  | Noticed Nikola
 49311 | Swamp:2  | Got a vibrating steel ring
 49326 | Swamp:2  | Noticed Frances
 49902 | Swamp:2  | Killed Nikola
 49902 | Swamp:2  | Reached skill level 5 in Air Magic
 50084 | Swamp:1  | Identified the ring "Vicuso" {Ice rN++ Str+4 Slay-5} (You
                  | found it on level 2 of the Swamp)
 50327 | Swamp:2  | Reached XP level 16. HP: 99/99 MP: 10/31
 50513 | Swamp:2  | Reached skill level 12 in Spellcasting
 50599 | Swamp:2  | Killed Frances
 51569 | Swamp:3  | Noticed Donald
 51573 | Swamp:3  | Killed Donald
 52933 | Swamp:3  | Noticed a tentacled monstrosity
 53277 | Swamp:3  | Killed a tentacled monstrosity
 54166 | Swamp:4  | Entered Level 4 of the Swamp
 54339 | Swamp:4  | Noticed the 27-headed Lernaean hydra
 55269 | Swamp:4  | Reached skill level 13 in Spellcasting
 55754 | Swamp:4  | Killed the 27-headed Lernaean hydra
 57628 | Swamp:4  | Got a decaying rune of Zot
 57904 | Lair:1   | Acquired the ring of Mukhim {rPois MR+ MP+9 Int+4}
 57973 | Lair:1   | Learned a level 6 spell: Freezing Cloud
 58041 | Snake:1  | Entered Level 1 of the Snake Pit
 58111 | Snake:1  | Reached XP level 17. HP: 105/105 MP: 0/34
 58114 | Snake:1  | Reached skill level 10 in Air Magic
 58903 | Snake:1  | Reached skill level 14 in Spellcasting
 59786 | Snake:2  | Found Cuowup's Gadget Boutique.
 60371 | Snake:2  | Noticed Azrael
 60385 | Snake:2  | Killed Azrael
 60885 | Snake:2  | Noticed Louise
 60891 | Snake:2  | Killed Louise
 61321 | Snake:2  | Identified the +9 scimitar of Callousness {protect, rF+
                  | Int+4} (You found it on level 2 of the Snake Pit)
 63319 | Snake:3  | Found Rusurith's Assorted Antiques.
 63320 | Snake:3  | Reached skill level 15 in Spellcasting
 63326 | Snake:3  | Bought a potion of heal wounds for 205 gold pieces
 63326 | Snake:3  | Bought a scroll labeled HAFEITEALOE for 41 gold pieces
 64142 | Lair:1   | Acquired 530 gold pieces
 64153 | Lair:1   | Bought a book of the Tempests for 1260 gold pieces
 64277 | Snake:4  | Entered Level 4 of the Snake Pit
 65019 | Snake:4  | Reached XP level 18. HP: 41/110 MP: 1/37
 65837 | Snake:4  | Noticed Aizul
 65890 | Snake:4  | Killed Aizul
 66162 | Snake:4  | Noticed Vashnia
 66169 | Snake:4  | Killed Vashnia
 66806 | Snake:4  | Reached skill level 16 in Spellcasting
 68648 | Snake:4  | Got a serpentine rune of Zot
 68789 | Snake:3  | Bought a runed papyrus book for 615 gold pieces
 68858 | Snake:2  | Bought a wand of acid (4) for 256 gold pieces
 69063 | Orc:1    | Entered Level 1 of the Orcish Mines
 69079 | Orc:1    | Found a dark tunnel.
 69088 | Volcano  | Entered a volcano
 69108 | Volcano  | Found a bloodstained altar of Trog.
 69117 | Volcano  | Reached XP level 19. HP: 116/116 MP: 32/39
 69593 | Orc:2    | Entered Level 2 of the Orcish Mines
 69956 | Orc:2    | Found a staircase to the Elven Halls.
 69993 | Orc:2    | Found a burning altar of Makhleb.
 70891 | Orc:2    | Reached skill level 15 in Air Magic
 70985 | Orc:1    | Noticed Erolcha
 70996 | Orc:1    | Killed Erolcha
 72120 | Orc:2    | Reached skill level 17 in Spellcasting
 72179 | Orc:1    | Learned a level 9 spell: Tornado
 72468 | Orc:2    | Found Aden's Antique Armour Emporium.
 72468 | Orc:2    | Found Giupt's Armour Emporium.
 72469 | Orc:2    | Found Weos's Antique Weapon Shoppe.
 72469 | Orc:2    | Found Jutseil's Distillery.
 72482 | Orc:2    | Bought a potion of magic for 112 gold pieces
 72490 | Orc:2    | Bought a transparent dagger for 189 gold pieces
 72490 | Orc:2    | Bought a fading falchion for 216 gold pieces
 72494 | Orc:2    | Identified the +9 dagger of Vuizet {protect, +Fly rC-
                  | Stlth+} (You bought it in a shop on level 2 of the Orcish
                  | Mines)
 72499 | Orc:2    | Bought a potion of resistance for 140 gold pieces
 72499 | Orc:2    | Bought a potion of haste for 140 gold pieces
 72499 | Orc:2    | Bought a potion of haste for 140 gold pieces
 72894 | Lair:1   | Bought an uncursed ring of protection from magic for 425
                  | gold pieces
 72912 | Lair:1   | Bought the +3 crown of Dyrovepreva {rElec Int+2 SInv} for
                  | 786 gold pieces
 72912 | Lair:1   | Found the +3 crown of Dyrovepreva {rElec Int+2 SInv}
 73519 | Vaults:1 | Entered Level 1 of the Vaults
 73993 | Vaults:1 | Identified the +9 falchion of a bailey {drain, Int+7} (You
                  | bought it in a shop on level 2 of the Orcish Mines)
 76653 | Vaults:2 | You fall into a shaft and drop 1 floor!
 76749 | Vaults:2 | Found Loqedat's Distillery.
 76962 | Vaults:2 | Bought a potion of magic for 128 gold pieces
 76962 | Vaults:2 | Bought a potion of lignification for 48 gold pieces
 76962 | Vaults:2 | Bought a potion of haste for 160 gold pieces
 77024 | Vaults:2 | Reached XP level 20. HP: 121/121 MP: 35/41
 77269 | Vaults:2 | Found Adol's Weapon Shoppe.
 77291 | Vaults:2 | Noticed Saint Roka
 77922 | Vaults:2 | Found Orieprupn's Book Shoppe.
 77934 | Vaults:2 | Noticed Bai Suzhen
 77946 | Vaults:1 | Killed Saint Roka
 78525 | Vaults:2 | Noticed Mara
 78530 | Vaults:2 | Killed Mara
 78657 | Vaults:2 | Killed Bai Suzhen
 78990 | Vaults:2 | Found Xeujag's Gadget Shop.
 79146 | Vaults:2 | Got a transparent bronze ring
 79180 | Vaults:2 | Found a staircase to the Crypt.
 79309 | Vaults:2 | Identified the ring "Zocvare" {Ice *Slow +Blink rElec
                  | Dex-5} (You found it on level 2 of the Vaults)
 79634 | Crypt:1  | Entered Level 1 of the Crypt
 79743 | Crypt:1  | Noticed Khufu
 79743 | Crypt:1  | Noticed a greater mummy
 79754 | Crypt:1  | Killed Khufu
 79756 | Crypt:1  | Killed a greater mummy
 81229 | Crypt:2  | Reached XP level 21. HP: 126/126 MP: 37/42
 82334 | Crypt:3  | Entered Level 3 of the Crypt
 82496 | Crypt:3  | Noticed Jory
 82506 | Crypt:3  | Killed Jory
 83593 | Crypt:3  | Found a staircase to the Tomb.
 83772 | Crypt:3  | Identified the cursed +1 glaive of Frustration {vorpal,
                  | rPois MR++ Str+5 Dex+2}
 83772 | Crypt:3  | Identified the +1 robe "Keixzyl" {+Inv rC+ Dex-5}
 84098 | Crypt:3  | Noticed a curse toe
 84105 | Crypt:3  | Killed a curse toe
 84165 | Crypt:3  | Noticed a greater mummy
 84175 | Crypt:3  | Killed a greater mummy
 84175 | Crypt:3  | Reached skill level 15 in Earth Magic
 84284 | Crypt:3  | Found a basalt altar of Yredelemnul.
 84286 | Crypt:3  | Found an ancient bone altar of Kikubaaqudgha.
 84349 | Crypt:3  | Found the +4 dagger "Morg" {pain, MR+ Int+5}
 84808 | Lair:1   | Learned a level 9 spell: Shatter
 85136 | Vaults:3 | Reached XP level 22. HP: 132/132 MP: 41/43
 87332 | Vaults:3 | Identified the ring of Feniosk {rElec rPois rN+ Str-5
                  | Dex-3}
 89121 | Vaults:4 | Reached XP level 23. HP: 136/136 MP: 44/44
 89797 | Vaults:4 | Found Hoyggag's Assorted Antiques.
 89805 | Vaults:4 | Bought a translucent hand crossbow for 348 gold pieces
 89805 | Vaults:4 | Bought a potion of lignification for 123 gold pieces
 89809 | Vaults:4 | Identified the +5 hand crossbow "Beynun" {freeze, Int+2}
                  | (You bought it in a shop on level 4 of the Vaults)
 90033 | Lair:1   | Bought a brightly glowing scythe for 240 gold pieces
 90033 | Lair:1   | Identified the +8 scythe of Taosokh {antimagic, *Slow
                  | +Blink Dex+3} (You bought it in a shop on level 1 of the
                  | Lair of Beasts)
 90048 | Lair:1   | Bought a manual of Dodging for 1545 gold pieces
 90159 | Elf:1    | Entered Level 1 of the Elven Halls
 91370 | Elf:2    | Found Terib's General Store.
 91638 | Elf:2    | Reached skill level 5 in Dodging
 91757 | Elf:2    | Found a runed translucent gate.
 91757 | Elf:2    | Found a runed translucent gate.
 91757 | Elf:2    | Found a runed translucent gate.
 92111 | Elf:2    | Bought a scroll of fear for 59 gold pieces
 92111 | Elf:2    | Bought a scroll of blinking for 127 gold pieces
 92111 | Elf:2    | Bought a potion of heal wounds for 85 gold pieces
 92111 | Elf:2    | Bought a scroll of blinking for 127 gold pieces
 92111 | Elf:2    | Bought a scroll of identify for 34 gold pieces
 92704 | Elf:3    | Entered Level 3 of the Elven Halls
 93110 | Elf:3    | Reached skill level 18 in Spellcasting
 93211 | Elf:3    | Reached XP level 24. HP: 148/148 MP: 15/45
 93812 | Elf:3    | Identified the amulet of Cahycvus {rN++ Regen+ Str-2}
 93992 | Elf:3    | Identified the Volume of the Excruciating Mountains
 93996 | Elf:3    | Identified the Volume of Creative Flight
 94016 | Elf:3    | Identified the Almanac of Hurtful Air
 94066 | Elf:3    | Identified Ycaoxas's Volume of Evil
 94930 | Elf:3    | Identified the cursed +0 hat of Day {rN+} (You found it on
                  | level 3 of the Elven Halls)
 95450 | Vaults:5 | Entered Level 5 of the Vaults
 95477 | Vaults:5 | Identified the amulet "Ysusug" {rC+ Regen+ Int+4 Dex+8}
 95481 | Vaults:5 | Reached skill level 10 in Dodging
 95820 | Vaults:5 | Reached skill level 19 in Spellcasting
 96070 | Vaults:5 | Reached skill level 10 in Fighting
 96073 | Vaults:5 | Reached XP level 25. HP: 160/160 MP: 12/46
 96637 | Vaults:5 | Identified the ring of the Six Xeniums {rCorr SInv}
 97899 | Vaults:5 | Got a silver rune of Zot
 98078 | Vaults:5 | Found Peissuwe's Assorted Antiques.
 98082 | Vaults:5 | Bought a slimy golden ring for 180 gold pieces
 98082 | Vaults:5 | Identified the ring "Denn" {AC+4 Dex+5} (You bought it in a
                  | shop on level 5 of the Vaults)
 98555 | Vaults:5 | Identified the cursed +2 mace "Giantslayer" {flame, Str+4}
                  | (You found it on level 5 of the Vaults)
 98941 | Vaults:5 | Identified the +5 scimitar "Aceghod" {pain, rPois rN+} (You
                  | found it on level 5 of the Vaults)
 99316 | Lair:1   | Acquired the ring of Undoing {rF+ rN+ Str+3 Int+7 SInv}
 99654 | D:14     | Found a radiant altar of Vehumet.
100064 | D:14     | Noticed Kirke
100067 | D:14     | Killed Kirke
100518 | D:15     | Entered Level 15 of the Dungeon
101043 | D:15     | Found Jikahal's Jewellery Shoppe.
101111 | D:15     | Found Faitatif's Magic Scroll Shoppe.
101185 | D:15     | Noticed Jorgrun
101567 | D:15     | Found a staircase to the Depths.
101622 | D:15     | Killed Jorgrun
101798 | D:15     | Bought a scroll of acquirement for 572 gold pieces
101862 | D:15     | Found Umennis's Book Boutique.
101864 | D:15     | Bought a Necronomicon for 1876 gold pieces
101873 | D:15     | Learned a level 8 spell: Necromutation
101967 | D:15     | Found Memmor's Antique Weapon Shoppe.
102141 | D:15     | Reached skill level 1 in Necromancy
102147 | D:15     | Found the ring of Robustness {AC+8}
104074 | D:15     | Acquired the +2 shield of Resistance {rF++ rC++ MR++}
104075 | D:15     | Found the +2 shield of Resistance {rF++ rC++ MR++}
104093 | D:15     | Bought a scroll of teleportation for 60 gold pieces
104093 | D:15     | Bought a scroll of identify for 40 gold pieces
104099 | Depths:1 | Entered Level 1 of the Depths
104099 | Depths:1 | Found a gateway to a ziggurat.
104110 | Depths:1 | Found a portal to a secret trove of treasure.
104113 | Depths:1 | Reached skill level 5 in Necromancy
104155 | Depths:1 | Got a vibrating bone ring
104186 | Depths:1 | Found a one-way gate leading to the halls of Pandemonium.
104233 | Depths:1 | Identified the +9 plate armour of Duty {rF+ rCorr Int+9
                  | Dex-5}
104267 | Depths:1 | Found a flickering gateway to a bazaar.
104291 | Bazaar   | Entered a bazaar
104291 | Bazaar   | Found Gubaix's Antique Armour Boutique.
104293 | Bazaar   | Found Ishyn's Antique Weapon Shoppe.
104403 | Bazaar   | Found Ezusos's Jewellery Emporium.
104412 | Bazaar   | Found Joghubae's Distillery.
104453 | Bazaar   | Bought a scorched mace for 288 gold pieces
104453 | Bazaar   | Identified the +10 mace "Zemilythaps" {vorpal, +Rage rElec
                  | rPois Dex-3} (You bought it in a shop in a bazaar)
104454 | Bazaar   | Identified the ring "Tiepp" {*Slow rN+ rCorr Dex+3} (You
                  | found it on level 1 of the Depths)
104455 | Bazaar   | Bought a pitted quarterstaff for 324 gold pieces
104455 | Bazaar   | Identified the +9 quarterstaff "Deehio" {vorpal, *Slow
                  | rPois MR++ Dex-3} (You bought it in a shop in a bazaar)
104489 | Bazaar   | Bought a potion of heal wounds for 75 gold pieces
104489 | Bazaar   | Bought a potion of heal wounds for 75 gold pieces
104489 | Bazaar   | Bought 2 potions of lignification for 90 gold pieces
104489 | Bazaar   | Bought 2 potions of lignification for 90 gold pieces
104489 | Bazaar   | Bought 2 potions of heal wounds for 150 gold pieces
104489 | Bazaar   | Bought 2 potions of heal wounds for 150 gold pieces
104489 | Bazaar   | Bought a potion of curing for 45 gold pieces
104489 | Bazaar   | Bought a potion of curing for 45 gold pieces
104697 | Depths:1 | Found a gateway to Hell.
105465 | D:15     | Upgraded the game from 0.26-a0-649-gf8c6c3aab7 to
                  | 0.26-a0-651-gb41185065b
105565 | Depths:2 | Reached XP level 26. HP: 170/170 MP: 25/46
105784 | Depths:2 | Reached skill level 10 in Necromancy
105784 | Depths:2 | Paralysed by a floating eye for 3 turns
105793 | Depths:2 | Found a magical portal.
105811 | WizLab   | Entered Doroklohe's Tomb
106953 | Depths:2 | Identified the cursed +2 mace of Defence {holy, rF+++ rC+
                  | MP+9 Int-3}
107464 | Depths:2 | Paralysed by a floating eye for 4 turns
108304 | Depths:2 | Identified the +7 whip of Duty {flame, Dex+6 SInv} (You
                  | found it on level 2 of the Depths)
108727 | Lair:1   | Bought a book of Frost for 630 gold pieces
108744 | Lair:1   | Learned a level 3 spell: Ozocubu's Armour
109180 | Slime:1  | Entered Level 1 of the Pits of Slime
109441 | D:15     | Learned a level 6 spell: Ozocubu's Refrigeration
110282 | Slime:2  | Reached skill level 1 in Ice Magic
111871 | Slime:1  | Reached skill level 5 in Ice Magic
112893 | Slime:4  | Reached skill level 20 in Spellcasting
112894 | Slime:4  | Reached XP level 27. HP: 174/174 MP: 33/47
114160 | Slime:5  | Entered Level 5 of the Pits of Slime
115056 | Slime:5  | Noticed the Royal Jelly
115067 | Slime:5  | Killed the Royal Jelly
116100 | Slime:5  | Found the +7 Singing Sword {vorpal, sonic wave}
116110 | Slime:5  | Got a slimy rune of Zot
116111 | Slime:5  | Identified Metweb's Disquisition on Ashen Contamination
116201 | Slime:5  | Got a twisted shortbow
116228 | Slime:5  | Got a dazzling war axe
116235 | Slime:5  | Got an iridescent halberd
116397 | Slime:5  | Got a twisted falchion
116655 | Slime:5  | Identified the +1 shortbow of the Harvest {speed, Dex+3
                  | Stlth+} (You found it on level 5 of the Pits of Slime)
116656 | Slime:5  | Identified the +9 war axe of Poverty {vorpal, Str+10} (You
                  | found it on level 5 of the Pits of Slime)
116657 | Slime:5  | Identified the +7 falchion "Cakku" {flame, rElec} (You
                  | found it on level 5 of the Pits of Slime)
116658 | Slime:5  | Identified the +4 halberd "Podar" {chaos, *Drain rF++ rN+
                  | Str+2} (You found it on level 5 of the Pits of Slime)
117056 | D:15     | Learned a level 8 spell: Disjunction
117544 | Depths:3 | Noticed Asterion
117554 | Depths:3 | Killed Asterion
118273 | Depths:3 | Found Dalunoecre's Weapon Shoppe.
119231 | Depths:4 | Noticed Mennas
119801 | Depths:3 | Killed Mennas
119801 | Depths:3 | Reached skill level 5 in Shields
120137 | Depths:4 | Found a one-way gate to the infinite horrors of the Abyss.
120152 | Depths:4 | Reached skill level 21 in Spellcasting
120219 | Depths:4 | Reached skill level 1 in Evocations
121494 | Depths:5 | Entered Level 5 of the Depths
121678 | Depths:5 | Reached skill level 5 in Evocations
122040 | Depths:5 | Reached skill level 15 in Dodging
122473 | Depths:5 | Found a gate to the Realm of Zot.
123028 | Depths:5 | Found the ring of the Octopus King
123030 | Depths:5 | Got an encrusted battleaxe
123034 | Depths:5 | Got a ring of the Octopus King
123040 | Depths:5 | Identified a ring of the Octopus King {rF+ AC+1 EV+1 Str+1
                  | Int+1 Dex+1} (You found it on level 5 of the Depths)
123108 | Depths:5 | Identified the +6 battleaxe "Grom" {freeze, *Corrode +Inv
                  | rN+ Dex+4} (You found it on level 5 of the Depths)
123875 | Hell     | Entered the Vestibule of Hell
123875 | Hell     | Noticed Geryon
124112 | Hell     | Killed Geryon
124640 | Hell     | Found a gateway to the Iron City of Dis.
125064 | Hell     | Found a gateway to the ashen valley of Gehenna.
125565 | Hell     | Found a gateway to the freezing wastes of Cocytus.
125766 | Hell     | Found a gateway to the decaying netherworld of Tartarus.
126309 | Dis:1    | Entered Level 1 of the Iron City of Dis
128062 | Dis:1    | Reached skill level 10 in Shields
128758 | Dis:2    | Killed from afar by a Hell Sentinel

Illustrated notes

Levels and vault maps discovered:
D:1:      ncdulo_wetmaze, layout_basic
D:2:      layout_loops_ring, nicolae_qazlal_eye_of_the_storm,
          nicolae_overflow_crystal_walls, serial_glass, glass_columns_a,
          glass_columns_a, glass_columns_a, glass_columns_a, glass_columns_a,
          glass_columns_b, item_on_display_a, minmay_strange_pillars,
          due_unseen_surprise, uniq_natasha
D:3:      layout_basic
D:4:      layout_layer_cave, nicolae_overflow_hidden_temple, serial_shops,
          shop_statue, shop, nicolae_shop_crystal
D:5:      layout_basic, basic_altar, minmay_misc_feat_secret_circle,
          minivault_5, hangedman_decor_points
D:6:      kennysheep_slugbush, layout_cave_pools
D:7:      layout_basic, minmay_temple_entry_large_hall
D:8:      minmay_the_grid_four_pointed_star
          [minmay_the_grid_triangle_9x9_zippers_horizontal,
          minmay_the_grid_triangle_9x9_negative_grid,
          minmay_the_grid_triangle_9x9_odd_lines,
          minmay_the_grid_triangle_9x9_minimal,
          minmay_the_grid_prize_four_corners_diamond_a], layout_loops_ring
D:9:      layout_roguey, chequers_temple_overflow_minitemple
D:10:     layout_basic, dk_noncrumbling_2, roderic_lattice_a, uniq_maggie,
          uniq_urug
D:11:     layout_rooms, erik_lair_orcish_takeover, minmay_misc_feat_tower,
          uniq_gastronok
D:12:     layout_cave_pods, kennysheep_orc_monster_closet_entryway
D:13:     layout_loops_cross, david_vaults_2, gauntlet_entry_generic,
          minmay_door_square
D:14:     layout_loops_ring, lemuel_coloured_pillars_altar, uniq_kirke
D:15:     grunt_enter_depths_hoard, layout_basic, serial_park_gazebo
          [serial_park_minivault_5x5_6], serial_shops, shop, shop, shop,
          nicolae_shop_behind_doors, minmay_guarded_unrand_robustness,
          uniq_jorgrun
Temple:   lightli_temple_of_artemis
Lair:1:   layout_hall_layers, chequers_serial_rivers_micro_b,
          beast_lair_carwin_6
Lair:2:   layout_layer_cave, minmay_snake_entry_six_corridors
Lair:3:   layout_misc_corridors, st_stairs_7, minivault_27,
          minmay_lindwurm_lava, serial_bayou_shore_b, grunt_megastairs_2,
          uniq_nergalle
Lair:4:   layout_roguey, minmay_swamp_entry_worms, lemuel_centaur_altar,
          grunt_megastairs_5, minmay_lair_oklob_chamber, serial_bayou_shore_b
Lair:5:   layout_long_grid, slime_altar_1, hangedman_lair_unloving_vines,
          serial_bayou_pond_b, minivault_24, infiniplex_staircase_pool_2
Lair:6:   due_jungle_book, layout_loops_ring, st_stairs_11,
          minmay_stone_trees_medium
Swamp:1:  layout_basic_swamp, evilmike_swamp_ruin_house_5
Swamp:2:  layout_basic_swamp, evilmike_swamp_ruin_house_6,
          infiniplex_staircase_pool, uniq_nikola, uniq_frances
Swamp:3:  cheibrodos_swamp_monstrosity, layout_falls_marsh,
          evilmike_swamp_ruin_house_3, uniq_donald
Swamp:4:  swamp_old_school, layout_basic_swamp
Snake:1:  layout_onion_interference
Snake:2:  layout_concentric_octagons, serial_shops, shop, grunt_ministairs_9,
          drop_trap, uniq_louise, uniq_azrael
Snake:3:  layout_basic, serial_shops, shop_statue
Snake:4:  grunt_snake_rune_serpentine_throne, layout_cave_town,
          serial_bayou_pond_b, nrook_guardian_serpent_ordinary, uniq_aizul,
          uniq_vashnia
Slime:1:  layout_caves
Slime:2:  layout_caves
Slime:3:  layout_caves
Slime:4:  layout_caves
Slime:5
Orc:1:    layout_diamond_mine, nicolae_volcano_entry_hallway, nooodl_orcs_dogs,
          uniq_erolcha
Orc:2:    st_orc_pillars, layout_diamond_mine, bloody_makhleb
Elf:1:    minmay_elf_arrival_plus, layout_geoelf_octagon,
          hangedman_elven_crosses_minicolossus, serial_sigils_hangedman_snap
Elf:2:    layout_geoelf_grid, serial_shops, shop_statue,
          minmay_misc_feat_columns
Elf:3:    elf_hall, layout_loops_corners, nicolae_elf_glass_and_crystal_pillar_2
Vaults:1: v_rooms_3, grunt_vaults_diagonal, nicolae_vaults_little_ls,
          nicolae_vaults_stairing_the_circle, v_misc_13, v_rooms_1,
          nicolae_vaults_triangles, hangedman_vaults_hat, ontoclasm_vaults_eye,
          vaults_room_ringed_pool, vaults_mumra_chevron_long,
          nicolae_vaults_circle_grid_b, nicolae_vaults_little_squares_4,
          hangedman_vaults_corner_blocks, v_alt_pattern_1, layout_vaults_maze
Vaults:2: v_rooms_6, minmay_crypt_entry_simple_round, v_misc_13,
          hangedman_vaults_stretched_pinwheel, v_misc_9, vaults_room_boxed,
          nicolae_vaults_border_crossing, nicolae_vaults_quadrants,
          nicolae_vaults_alarming, v_pattern_4, vaults_dpeg_cross,
          vaults_dpeg_diagonal, v_misc_13, ontoclasm_vaults_twist,
          vaults_dpeg_hooks, layout_vaults_omnibox, serial_shops, shop,
          nicolae_shop_stone, shop_statue, shop, uniq_bai_suzhen,
          uniq_saint_roka, uniq_mara
Vaults:3: nicolae_vaults_arrows, nicolae_vaults_c_with_doors, v_alt_pattern_1,
          v_misc_13, hangedman_vaults_stitches, hangedman_vaults_slice,
          vaults_mumra_hex, vaults_room_grunt_arrival_ludios,
          hangedman_vaults_snaps, nicolae_vaults_ring_of_whatevers,
          vaults_room_stairs_pillars, layout_vaults_chaotic_city
Vaults:4: hangedman_vaults_cutoff, v_misc_18, v_misc_33,
          nicolae_vaults_an_arrangement, nicolae_vaults_ninety_degrees,
          dpeg_vaults_monster_box, serial_ice_m, vaults_room_pools,
          vaults_dpeg_ring, vaults_room_corners, layout_vaults_omnigrid,
          serial_shops, nicolae_shop_statue_plus
Vaults:5
Crypt:1:  layout_gridlike, uniq_khufu
Crypt:2:  layout_misc_corridors
Crypt:3:  lightli_unholy_cathedral, layout_chaotic_city,
          tomb_entry_forgotten_bobbens, uniq_jory
Depths:1: layout_cave_pools, ziggurat_fallback, pan_entry, serial_shops,
          bzr_firewalk, chequers_jeans, enter_trove_0, hellmouth_1,
          minmay_mirror_moons_of_madness
Depths:2: minmay_four_inscribed_fans, layout_basic,
          infiniplex_enter_wizlab_glasses, hell_entry, rand_demon_pan_entry_3
Depths:3: kennysheep_six_static_rooms, layout_gridville,
          pf_vacation_house_of_asmodeus, serial_shops, nicolae_shop_stone,
          grunt_pan_entry_zigzag, uniq_asterion
Depths:4: minmay_textured_paths, layout_cave_pools,
          nicolae_abyss_entry_one_way_or_another, hell_entry,
          grunt_decor_mini_mirrors, chequers_serial_rivers_small_b,
          minmay_misc_feat_plants, uniq_mennas
Depths:5: grunt_twist_and_shout, layout_basic, minmay_stone_trees_small,
          hell_entry, minmay_multi_spiral
Hell
Dis:1:    layout_chaotic_city
Dis:2:    layout_gridville

Skill      XL: |  1  2  3  4  5  6  7  8  9 10 11 12 13 14 15 16 17 18 19 20 21 22 23 24 25 26 27 |
---------------+----------------------------------------------------------------------------------+-----
Shields        | 1 2 3 4 10 | 10.7
Spellcasting   | 3 4 5 6 7 8 9 10 11 13 15 16 17 18 19 20 21 | 21.0
Hexes          | 1 2 3 4 6 7 8 9 10 | 10.5
Conjurations   | 5 6 7 8 9 10 11 12 | 12.0
Translocations | 1 2 4 6 7 8 9 10 11 13 | 13.0
Fighting       | 2 4 6 8 10 11 14 | 14.5
Dodging        | 4 8 11 13 16 | 16.0
Stealth        | 4 |  4.0
Transmutations | 4 9 10 11 12 13 | 13.0
Earth Magic    | 4 9 10 15 19 20 | 20.0
Air Magic      | 5 9 12 14 17 20 | 20.0
Necromancy     | 8 13 | 13.0
Ice Magic      | 5 7 |  7.0
Evocations     | 9 |  9.9

Action                   |  1- 3 |  4- 6 |  7- 9 | 10-12 | 13-15 | 16-18 | 19-21 | 22-24 | 25-27 || total
-------------------------+-------+-------+-------+-------+-------+-------+-------+-------+-------++-------
Melee: Unarmed           |     3 |       |       |       |       |       |       |       |       ||     3
       Constrict         |     4 |    15 |    15 |     8 |    24 |    11 |    28 |    21 |    14 ||   140
       Dagger            |    16 |    52 |     1 |       |       |    18 |   188 |    80 |   133 ||   488
       Tentacles         |       |     9 |    10 |    10 |    44 |    20 |    70 |    27 |    58 ||   248
       Whip              |       |       |    47 |    31 |    47 |       |       |       |       ||   125
       Eveningstar       |       |       |       |     3 |       |       |       |       |       ||     3
       Short sword       |       |       |       |       |   100 |    93 |       |       |       ||   193
Throw: Dart              |       |       |       |       |     9 |       |       |       |       ||     9
 Cast: Magic Dart        |    36 |     1 |    10 |    12 |    16 |       |       |       |       ||    75
       Searing Ray       |     6 |    19 |    54 |    41 |    55 |     5 |     1 |       |       ||   181
       Fulminant Prism   |       |     2 |    11 |   162 |   323 |     3 |     4 |       |       ||   505
       Iskenderun's Myst |       |       |     3 |    20 |    84 |    21 |    22 |     8 |     2 ||   160
       Cause Fear        |       |       |       |       |     5 |    24 |     1 |       |     1 ||    31
       Statue Form       |       |       |       |       |    54 |   172 |   129 |    83 |   152 ||   590
       Orb of Destructio |       |       |       |       |    50 |   103 |    31 |     8 |    81 ||   273
       Mephitic Cloud    |       |       |       |       |     2 |     5 |     1 |       |       ||     8
       Freezing Cloud    |       |       |       |       |       |   221 |   128 |     2 |       ||   351
       Blink             |       |       |       |       |       |     3 |     1 |     1 |       ||     5
       Passage of Golubr |       |       |       |       |       |     1 |     1 |       |     4 ||     6
       Tornado           |       |       |       |       |       |       |    94 |    82 |   140 ||   316
       Shatter           |       |       |       |       |       |       |       |    64 |   248 ||   312
       Necromutation     |       |       |       |       |       |       |       |       |   116 ||   116
       Ozocubu's Refrige |       |       |       |       |       |       |       |       |    62 ||    62
       Ozocubu's Armour  |       |       |       |       |       |       |       |       |    20 ||    20
       Disjunction       |       |       |       |       |       |       |       |       |     5 ||     5
Invok: Potion Petition   |       |       |     1 |       |       |       |       |       |       ||     1
       Call Merchant     |       |       |       |       |     3 |       |     2 |     3 |     4 ||    12
 Abil: End Transformatio |       |       |       |       |       |       |       |     1 |     4 ||     5
Evoke: Wand              |       |       |     3 |    14 |     9 |       |     3 |       |       ||    29
       Phantom mirror    |       |       |       |     1 |       |       |       |       |       ||     1
       Condenser vane    |       |       |       |       |     4 |       |     2 |       |       ||     6
       Box of beasts     |       |       |       |       |       |       |       |       |     3 ||     3
       Phial of floods   |       |       |       |       |       |       |       |       |     1 ||     1
       Tin of tremorston |       |       |       |       |       |       |       |       |     1 ||     1
  Use: Scroll            |     5 |     6 |     7 |     7 |    21 |    12 |     7 |     4 |    27 ||    96
       Potion            |       |       |       |     2 |     4 |       |     2 |     3 |       ||    11
 Stab: Sleeping          |     4 |    11 |     1 |       |     1 |     4 |     3 |     2 |       ||    26
       Paralysed         |       |       |     5 |     7 |       |       |       |       |       ||    12
       Confused          |       |       |       |       |       |     1 |       |       |       ||     1
       Distracted        |       |       |       |       |       |       |       |       |     2 ||     2
Armor: Skin              |     6 |     2 |     2 |       |    90 |   384 |   298 |   147 |   292 ||  1221
Dodge: Dodged            |    17 |    20 |    48 |    50 |   233 |   382 |   380 |   210 |   747 ||  2087
Block: Buckler           |       |    20 |    49 |    45 |   201 |   354 |   379 |   185 |   389 ||  1622
       Reflection        |       |     1 |     6 |     2 |    34 |    80 |    33 |    25 |    11 ||   192

Table legend: (Time is in decaauts)
 A = Elapsed time spent in this place.
 B = Non-inter-level travel time spent in this place.
 C = Inter-level travel time spent in this place.
 D = Time resting spent in this place.
 E = Time spent auto-exploring this place.
 F = Levels seen in this place.
 G = Mean time per level.
                   A        B        C        D        E       F      G
               +--------+--------+--------+--------+--------+-----+--------+
         Total | 145712 | 136382 |   9330 |  58673 |  48414 |  60 | 2428.5 |
       Dungeon |  29103 |  25877 |   3226 |   9896 |  11788 |  15 | 1940.2 |
        Temple |     30 |     17 |     13 |      0 |      4 |   1 |   30.0 |
          Lair |  27149 |  24922 |   2227 |  14916 |   6482 |   6 | 4524.8 |
         Swamp |  13325 |  13016 |    309 |   6347 |   3945 |   4 | 3331.2 |
     Snake Pit |  13670 |  13267 |    403 |   5626 |   4139 |   4 | 3417.5 |
    Slime Pits |   7085 |   6827 |    258 |   3351 |   1644 |   5 | 1417.0 |
  Orcish Mines |   4047 |   3916 |    131 |   1833 |   1065 |   2 | 2023.5 |
   Elven Halls |   6027 |   5614 |    413 |   1505 |   3040 |   3 | 2009.0 |
        Vaults |  18152 |  17240 |    912 |   6260 |   6982 |   5 | 3630.4 |
         Crypt |   6286 |   6089 |    197 |   2094 |   2193 |   3 | 2095.3 |
        Depths |  14350 |  13237 |   1113 |   5328 |   5258 |   5 | 2870.0 |
          Hell |   1137 |   1055 |     82 |    205 |    492 |   1 | 1137.0 |
           Dis |   2358 |   2315 |     43 |    163 |   1079 |   2 | 1179.0 |
        Bazaar |    336 |    336 |      0 |     73 |    122 |   1 |  336.0 |
       Volcano |    362 |    362 |      0 |      0 |     55 |   1 |  362.0 |
        Wizlab |    655 |    655 |      0 |    231 |     90 |   1 |  655.0 |
      Gauntlet |   1632 |   1632 |      0 |    840 |     32 |   1 | 1632.0 |
               +--------+--------+--------+--------+--------+-----+--------+

Top non-repeatable levels by time:
  Lair:4: 7014 daAuts
 Snake:4: 5366 daAuts
  Lair:5: 5204 daAuts
  Lair:3: 4988 daAuts
Depths:2: 4810 daAuts
  Lair:6: 4649 daAuts
Vaults:4: 4599 daAuts
 Swamp:3: 4498 daAuts
    D:15: 4198 daAuts
Vaults:1: 4140 daAuts
Vaults:2: 3894 daAuts
    D:11: 3692 daAuts
 Swamp:1: 3596 daAuts
Vaults:3: 3321 daAuts
 Snake:3: 3174 daAuts
